 Dungeon Crawl Stone Soup version 0.24-a0-784-g601f8f6d22 (webtiles) character file.

Game seed: 1146685774467695464, levelgen mode: deterministic

326 Arixos the Sneak (level 6, -3/35 HPs)
             Began as a Vampire Enchanter on Oct 8, 2019.
             Was an Initiate of Dithmenos.
             Slain by a worker ant (4 damage)
             ... on level 4 of the Dungeon.
             The game lasted 00:12:47 (4765 turns).

Arixos the Sneak (Vampire Enchanter)                Turns: 4765, Time: 00:12:47

Health: -3/35      AC:  7    Str:  7    XL:     6   Next: 24%
Magic:  1/1        EV: 13    Int: 18    God:    Dithmenos [......]
Gold:   177        SH:  0    Dex: 20    Spells: 2/10 levels left

rFire    . . .     SeeInvis +   a - +2 dagger
rCold    + + .     Gourm    .   (no shield)
rNeg     + + +     Faith    .   g - +1 leather armour of Egalitarianism {MP-9 Dex+4} (curse)
rPois    ∞         Spirit   .   (no helmet)
rElec    .         Reflect  .   (no cloak)
rCorr    .         Harm     .   s - +2 pair of gloves
MR       .....                  (no boots)
Stlth    +++++.....             p - amulet of regeneration (curse)
HPRegen  0.00/turn              (no ring)
MPRegen  0.07/turn              (no ring)

@: bloodless, regenerating quickly
A: no food, fangs 3, see invisible, unbreathing
a: Bat Form, Revivify, Renounce Religion


You were on level 4 of the Dungeon.
You worshipped Dithmenos.
Dithmenos was noncommittal.
You were bloodless.

You visited 2 branches of the dungeon, and saw 5 of its levels.

You collected 177 gold pieces.

Inventory:

Hand Weapons
 a - a +2 dagger (weapon)
Armour
 b - a +0 robe
 g - the cursed +1 leather armour of Egalitarianism (worn) {MP-9 Dex+4}
   (You found it on level 4 of the Dungeon)

   It affects your dexterity (+4).
   It affects your magic capacity (-9).
   It has a curse placed upon it.
 s - a +2 pair of gloves (worn)
Jewellery
 p - a cursed amulet of regeneration (around neck)
 r - a cursed amulet of inaccuracy {unknown}
Wands
 q - a wand of random effects (16)
Scrolls
 c - a scroll of immolation
 d - 4 scrolls of identify
 f - 3 scrolls of teleportation
Potions
 e - a potion of haste {unknown}
 h - 2 potions of lignification {unknown}
 j - a potion of invisibility {unknown}
 l - a potion of curing {unknown}
 n - 3 potions of heal wounds {unknown}


   Skills:
 + Level 1.9 Fighting
 + Level 2.7 Short Blades
 + Level 3.4 Dodging
 + Level 5.7 Stealth
 + Level 2.9 Spellcasting
 + Level 5.6 Hexes
 + Level 1.8 Ice Magic


You had 2 spell levels left.
You knew the following spells:

 Your Spells              Type           Power        Failure   Level  Hunger
a - Ensorcelled Hibernat  Hex/Ice        ###...       9%          2    N/A
c - Confuse               Hex            ###.....     8%          3    N/A
d - Tukima's Dance        Hex            ###.....     8%          3    N/A

Your spell library contained the following spells:

 Spells                   Type           Power        Failure   Level  Hunger
 Corona                   Hex            ###....      2%          1    N/A
 Dazzling Spray           Conj/Hex       ##....       24%         3    N/A

Dungeon Overview and Level Annotations

Branches:
Dungeon (4/15)             Temple (1/1) D:4

Altars:
Ashenzari
Cheibriados
Dithmenos
Elyvilon
Fedhas
Gozag
Hepliaklqana
Kikubaaqudgha
Makhleb
Nemelex Xobeh
Qazlal
Ru
Trog
Uskayaw
Xom
Yredelemnul
Zin

Annotations:
D:4 3 runed translucent doors, paps's ghost, amateur DsBe


Innate Abilities, Weirdness & Mutations

You do not eat.
You do not regenerate when monsters are visible.
You are frail without blood (-20% HP).
You are immune to poison.
You have razor-sharp teeth.
You have supernaturally acute eyesight. (SInv)
You can survive without breathing.


Message History

The worker ant closely misses you.
You hit the worker ant.
The worker ant is severely wounded.
The worker ant closely misses you.
You hit the worker ant.
The worker ant is almost dead.
The worker ant misses you.
You hit the worker ant but do no damage.
The worker ant is almost dead.
The worker ant closely misses you.
You closely miss the worker ant.
The worker ant is almost dead.
The worker ant bites you but does no damage.
You barely miss the worker ant.
The worker ant is almost dead.
The worker ant misses you.
You closely miss the worker ant.
The worker ant is almost dead.
The worker ant bites you.
You die...

####### ########
#####.....###.......
#.a@..♣≈≈.....≈≈≈≈♣.
#.###♣♣♣♣≈≈≈≈≈≈≈≈≈≈♣
###..#♣♣≈≈≈P♣♣♣♣≈≈≈≈P≈
##≈♣..≈≈P≈≈≈≈≈≈≈≈≈P≈PP≈
#≈≈≈...................
*♣≈≈≈≈.≈≈≈≈≈≈≈≈≈P≈≈P≈≈≈≈
*♣≈≈≈≈≈.≈≈≈≈≈≈≈≈≈≈≈≈≈≈≈≈≈
*♣≈P≈≈≈≈.≈≈≈≈≈≈≈♣≈♣≈≈≈≈≈≈.
*♣≈P≈≈≈≈≈.≈≈≈♣♣♣♣.#.≈♣≈♣≈#.


You could see a worker ant.

Vanquished Creatures
  A howler monkey (D:4)
  2 hounds (D:4)
  An iguana (D:4)
  2 worker ants (D:4)
  4 gnolls (D:4)
  3 adders
  A shadow imp (D:4)
  An ooze (D:4)
  3 worms
  3 dart slugs
  2 leopard geckos
  3 orcs (D:3)
  2 ball pythons
  7 bats
  3 giant cockroaches
  7 goblins
  6 hobgoblins
  2 jackals (D:4)
  4 kobolds
  A quokka (D:4)
  2 frilled lizards
  4 rats
64 creatures vanquished.

Notes
Turn   | Place    | Note
-------+----------+-------------------------------------------
     0 | D:1      | Arixos the Vampire Enchanter began the quest for the Orb.
     0 | D:1      | Reached XP level 1. HP: 13/13 MP: 3/3
   713 | D:1      | Reached XP level 2. HP: 15/15 MP: 5/5
   732 | D:1      | Learned a level 2 spell: Ensorcelled Hibernation
  1843 | D:2      | Reached XP level 3. HP: 20/20 MP: 6/6
  1848 | D:2      | Learned a level 3 spell: Confuse
  2002 | D:2      | HP: 1/20 [adder (3)]
  2858 | D:3      | Reached skill level 1 in Fighting
  3012 | D:3      | Reached skill level 5 in Stealth
  3012 | D:3      | Reached XP level 4. HP: 6/25 MP: 1/7
  3388 | D:3      | Reached skill level 1 in Ice Magic
  3614 | D:4      | Reached skill level 5 in Hexes
  4057 | D:4      | Reached XP level 5. HP: 29/29 MP: 5/8
  4087 | D:4      | Learned a level 3 spell: Tukima's Dance
  4091 | D:4      | Found a runed translucent gate.
  4091 | D:4      | Found a runed translucent gate.
  4098 | D:4      | Identified the cursed +1 short sword of Gaonigei {drain,
                  | rElec rF++ Str-3 Int-5 Stlth+}
  4098 | D:4      | Noticed paps's ghost (amateur DsBe)
  4099 | D:4      | Found a runed translucent gate.
  4148 | D:4      | Found a staircase to the Ecumenical Temple.
  4196 | Temple   | Entered the Ecumenical Temple
  4446 | D:4      | Found a shadowy altar of Dithmenos.
  4454 | D:4      | Reached XP level 6. HP: 35/35 MP: 3/10
  4508 | D:4      | Became a worshipper of Dithmenos the Shadowed
  4549 | D:4      | Got a dazzling leather armour
  4560 | D:4      | Identified the cursed +1 leather armour of Egalitarianism
                  | {MP-9 Dex+4} (You found it on level 4 of the Dungeon)
  4757 | D:4      | HP: 1/35 [worker ant (5)]
  4765 | D:4      | Slain by a worker ant

Levels and vault maps discovered:
D:1:      sevenhm_arrival_forest_fort_large_4, layout_basic
D:2:      layout_basic
D:3:      layout_rooms
D:4:      layout_cave_pools, grunt_dithmenos_shadows, temple_fountains,
          gammafunk_ghost_nasty_kobolds, serial_bayou_lagoon_b
Temple:   nicolae_temple_elliptical

Skill      XL: |  1  2  3  4 |
---------------+-------------+-----
Fighting       | 1 |  1.9
Stealth        | 5 |  5.7
Ice Magic      | 1 |  1.8
Hexes          | 5 |  5.6
Short Blades   | 2 |  2.7
Dodging        | 3 |  3.4
Spellcasting   | |  2.9

Action                   |  1- 3 |  4- 6 || total
-------------------------+-------+-------++-------
Melee: Dagger            |    93 |    80 ||   173
       Bite              |     8 |     8 ||    16
 Cast: Corona            |     6 |       ||     6
       Ensorcelled Hiber |    20 |    11 ||    31
       Confuse           |       |     2 ||     2
 Abil: Exsanguinate      |     1 |       ||     1
  Use: Scroll            |       |     7 ||     7
 Stab: Sleeping          |    28 |    21 ||    49
       Confused          |       |     1 ||     1
Armor: Robe              |    22 |     1 ||    23
       Leather armour    |       |     6 ||     6
Dodge: Dodged            |    70 |    36 ||   106

Table legend:
 A = Non-vault XP
 B = Vault XP
 C = Vault XP percentage of total XP
 D = Non-vault monster count
 E = Vault monster count
 F = Vault count percentage of total count
                 A         B        C        D         E       F
            +---------+---------+-------+---------+---------+-------
      Total |     455 |      11 |   2.4 |      63 |       1 |   1.6
            +---------+---------+-------+---------+---------+-------
        D:1 |      38 |       0 |   0.0 |      21 |       0 |   0.0
        D:2 |      26 |       0 |   0.0 |       8 |       0 |   0.0
        D:3 |      60 |       0 |   0.0 |      15 |       0 |   0.0
        D:4 |     331 |      11 |   3.2 |      19 |       1 |   5.0
            +---------+---------+-------+---------+---------+-------
